 Dungeon Crawl Stone Soup version 0.22-a0-825-ga28c36f (webtiles) character file.

30 inc the Skirmisher (level 3, -2/39 HPs)
             Began as an Ogre Gladiator on July 24, 2018.
             Killed from afar by Terence (6 damage)
             ... with a wand of flame (12)
             ... on level 2 of the Dungeon.
             The game lasted 00:00:58 (953 turns).

inc the Skirmisher (Ogre Gladiator)                  Turns: 953, Time: 00:00:59

Health: -2/39      AC:  4    Str: 19    XL:     3   Next: 18%
Magic:  3/3        EV: 10    Int:  9    God:
Gold:   116        SH:  0    Dex: 10    Spells: 2/2 levels left

rFire    . . .     SeeInvis .   a - +0 flail
rCold    . . .     Gourm    .   (no shield)
rNeg     . . .     Faith    .   b - +0 robe
rPois    .         Spirit   .   c - +0 hat
rElec    .         Reflect  .   l - +0 cloak
rCorr    .         Harm     .   (gloves unavailable)
MR       .....                  (boots unavailable)
Stlth    +.........             (no amulet)
HPRegen  0.13/turn              (no ring)
MPRegen  0.08/turn              (no ring)

@: no status effects
A: large, unfitting armour, tough skin 1
a: no special abilities


You were on level 2 of the Dungeon.
You were not hungry.

You visited 1 branch of the dungeon, and saw 2 of its levels.

You collected 116 gold pieces.

Inventory:

Hand Weapons
 a - a +0 flail (weapon)
Missiles
 d - 3 throwing nets (quivered)
Armour
 b - a +0 robe (worn)
 c - a +0 hat (worn)
 l - a +0 cloak (worn)
Jewellery
 k - an uncursed amulet of the acrobat {unknown}
Scrolls
 e - a scroll of amnesia {unknown}
 h - 3 scrolls of teleportation {unknown}
 i - 2 scrolls of fog {unknown}
 n - 2 scrolls of identify {unknown}
 o - a scroll of remove curse {unknown}
 q - a scroll of enchant weapon {unknown}
Potions
 g - 2 potions of degeneration {unknown}
 j - 2 potions of invisibility {unknown}
 m - a potion of curing {unknown}
 p - a potion of magic {unknown}
 r - 2 potions of heal wounds {unknown}
Comestibles
 f - 3 rations


   Skills:
 + Level 3.8 Fighting
 + Level 3.3 Maces & Flails
 - Level 2.0 Throwing
 - Level 2.6 Dodging


You had 2 spell levels left.
You didn't know any spells.
Your spell library was empty.

Dungeon Overview and Level Annotations

Branches:
Dungeon (2/15)

Altars:

Annotations:
D:2 Terence


Innate Abilities, Weirdness & Mutations

You are too large for most types of armour.
You have tough skin. (AC +1)


Message History

You are too injured to fight recklessly!
You are too injured to fight recklessly!
You are too injured to fight recklessly!
You are too injured to fight recklessly!
You are too injured to fight recklessly!
You are too injured to fight recklessly!
You are too injured to fight recklessly!
You are too injured to fight recklessly!
You are too injured to fight recklessly!
You are too injured to fight recklessly!
You are too injured to fight recklessly!
You are too injured to fight recklessly!
You are too injured to fight recklessly!
You are too injured to fight recklessly!
You are too injured to fight recklessly!
You are too injured to fight recklessly!
Terence zaps a wand.
The puff of flame hits you!
* * * LOW HITPOINT WARNING * * *
Terence zaps a wand.
The puff of flame hits you!
You die...

... ... ####.(. #.....(
#.# #. #$#.... #.# #..
########.#..#. #.# #..
#............. #.#
###..#######.######.#.###
#.# #.......@..@..# #$#.#
#.# #.#.....####..# #.#..
#.# #.#...........#
#.#.##
#<###.#.....#####.# #....
#.##...#...## (. .....
#.#.#.#...## ### #....
#..†......####### #...
###)#.#....†....# .!...
##......#####.#


You could see Terence.

Vanquished Creatures
  An adder (D:2)
  A leopard gecko (D:2)
  4 bats
  2 giant cockroaches (D:1)
  2 goblins
  3 hobgoblins
  2 frilled lizards (D:1)
  A kobold (D:1)
  4 rats
20 creatures vanquished.

Notes
Turn   | Place    | Note
-------+----------+-------------------------------------------
     0 | D:1      | inc the Ogre Gladiator began the quest for the Orb.
     0 | D:1      | Reached XP level 1. HP: 22/22 MP: 1/1
   321 | D:1      | Reached XP level 2. HP: 31/31 MP: 2/2
   929 | D:2      | Noticed Terence
   933 | D:2      | Reached XP level 3. HP: 34/39 MP: 3/3
   953 | D:2      | Killed from afar by Terence

Vault maps used:
D:1:      roderic_crop_circles_arrival_small, st_stairs_12, minivault_27,
          serial_bayou_crossing
D:2:      makhleb_heckhound_becter, uniq_terence

Skill      XL: |  1 |
---------------+----+-----
Fighting       | 3 |  3.8
Maces & Flails | 3 |  3.3
Throwing       | |  2.0
Dodging        | |  2.6

Action                   || total
-------------------------++-------
Melee: Flail             ||    85
 Stab: Sleeping          ||     1
Armor: Robe              ||    39
Dodge: Dodged            ||    56

Table legend:
 A = Spawn XP
 B = Non-spawn XP
 C = Spawn XP percentage of total XP
 D = Spawn monster count
 E = Non-spawn monster count
 F = Spawn count percentage of total count
 G = Total turns spent on level
                    A         B        C        D         E        F      G
               +---------+---------+-------+---------+---------+-------+---------
         Total |       0 |      43 |   0.0 |       0 |      20 |   0.0 |   953
               +---------+---------+-------+---------+---------+-------+---------
           D:1 |       0 |      21 |   0.0 |       0 |      14 |   0.0 |   878
           D:2 |       0 |      22 |   0.0 |       0 |       6 |   0.0 |    75
               +---------+---------+-------+---------+---------+-------+---------
